 Dungeon Crawl Stone Soup version 0.31-a0-542-gdc2a67831c (webtiles) character file.

Game seed: 11743364142056021538

306 garrulousMonolith the Poker (level 6, -2/51 HPs)
             Began as a Gnoll Reaver on Aug 14, 2023.
             Was an Initiate of Sif Muna.
             Slain by an orc warrior
             ... wielding a +0 trident
              (16 damage)
             ... on level 4 of the Dungeon.
             The game lasted 00:04:24 (3373 turns).

garrulousMonolith the Poker (Gnoll Reaver)          Turns: 3373, Time: 00:04:25

Health: -2/51      AC:  6    Str: 11    XL:     6   Next: 39%
Magic:  6/14       EV: 12    Int: 15    God:    Sif Muna [......]
Gold:   214        SH:  0    Dex: 10    Spells: 10/15 levels left

rFire   . . .        a - +0 spear
rCold   . . .        (no shield)
rNeg    . . .        b - +0 leather armour
rPois   .            (no helmet)
rElec   .            o - +0 cloak
rCorr   .            v - +1 pair of gloves
SInv    .            (no boots)
Will    +....        (no amulet)
Stlth   +            j - ring of willpower
HPRegen 0.28/turn    s - ring of flight
MPRegen 0.14/turn

%: no passive effects
@: mighty, flying, very slightly contaminated
A: fangs 1, strong nose, distributed training
a: Renounce Religion


You were on level 4 of the Dungeon.
You worshipped Sif Muna.
Sif Muna was noncommittal.
You visited 1 branch of the dungeon, and saw 4 of its levels.

You collected 214 gold pieces.

Inventory:

Hand Weapons
 a - a +0 spear (weapon)
 l - a +0 whip of venom
Missiles
 t - 5 poisoned darts (quivered)
Armour
 b - a +0 leather armour (worn)
 o - a +0 cloak (worn)
 v - a +1 pair of gloves (worn)
Magical Staves
 h - a staff of poison
Jewellery
 j - a ring of willpower (left hand)
 s - a ring of flight (right hand)
Scrolls
 c - 2 scrolls of teleportation
 e - a scroll of silence {unknown}
 g - a scroll of butterflies {unknown}
 i - 2 scrolls of vulnerability {unknown}
 m - a scroll of noise {unknown}
 n - 2 scrolls of identify
 q - a scroll of amnesia {unknown}
 w - a scroll of fear {unknown}
Potions
 d - a potion of brilliance {unknown}
 f - 3 potions of might
 k - 3 potions of lignification {unknown}
 p - a potion of curing
 r - a potion of degeneration {unknown}
 u - a potion of enlightenment {unknown}


   Skills:
 + Level 5.0 Fighting
 + Level 2.0 Short Blades
 + Level 2.0 Long Blades
 + Level 2.0 Axes
 + Level 2.0 Maces & Flails
 + Level 6.8 Polearms
 + Level 2.0 Staves
 + Level 2.0 Ranged Weapons
 + Level 2.0 Throwing
 + Level 2.0 Armour
 + Level 5.0 Dodging
 + Level 2.0 Stealth
 + Level 2.0 Shields
 + Level 2.0 Unarmed Combat
 + Level 5.4 Spellcasting
 + Level 5.6 Conjurations
 + Level 1.5 Hexes
 + Level 1.5 Summonings
 + Level 1.5 Necromancy
 + Level 1.5 Translocations
 + Level 1.5 Transmutations
 + Level 1.5 Fire Magic
 + Level 1.5 Ice Magic
 + Level 1.5 Air Magic
 + Level 1.5 Earth Magic
 + Level 1.5 Poison Magic
 + Level 2.2 Invocations
 + Level 2.0 Evocations
 + Level 1.5 Shapeshifting


You had 10 spell levels left.
You knew the following spells:

 Your Spells              Type           Power      Damage    Failure   Level
a - Shock                 Conj/Air       56%        1d6       4%          1
b - Blink                 Tloc           16%        N/A       16%         2
c - Freeze                Ice            32%        1d5       11%         1
d - Kiss of Death         Conj/Necr      56%        2d9       4%          1

Your spell library contained the following spells:

 Spells                   Type           Power      Damage    Failure   Level
 Momentum Strike          Conj/Tloc      28%        3d8       7%          2
 Hailstorm                Conj/Ice       14%        3d5       14%         3
 Cigotuvi's Dreadful Rot  Necr/Pois/Air  16%        N/A       16%         2
 Lesser Beckoning         Tloc           16%        N/A       16%         2
 Frozen Ramparts          Ice            16%        1d3       32%         3
 Gell's Gravitas          Tloc           8%         N/A       32%         3
 Ignite Poison            Fire/Tmut/Pois 8%         N/A       32%         3
 Summon Guardian Golem    Hex/Summ       8%         N/A       32%         3
 Teleport Other           Tloc           8%         N/A       32%         3
 Iskenderun's Battlesphe  Conj           21%        2d7       50%         5
 Freezing Cloud           Conj/Ice/Air   6%         6-21      86%         5
 Leda's Unmaking          Conj/Erth      7%         9d2       100%        6
 Orb of Destruction       Conj           10%        9d6       100%        7
 Spellforged Servitor     Conj/Summ      7%         N/A       100%        7


Dungeon Overview and Level Annotations

Branches:
Dungeon (4/15)
 Temple: D:4-7

Altars:
Makhleb
Sif Muna
Zin

Shops:
D:2 =

Annotations:
D:4 4 runed translucent doors


Innate Abilities, Weirdness & Mutations

You have very sharp teeth.
Your uncanny sense of smell can sniff out nearby items.
Your experience applies equally to all skills.


Message History

You are too injured to fight recklessly!
You are too injured to fight recklessly!
You are too injured to fight recklessly!
You are too injured to fight recklessly!
Casting: Freeze (safe; 11% risk of failure)
Confirm with . or Enter, or press ? or * to list all spells.
Aiming: Shock (safe; 4% risk of failure)
Press: ? - help, Shift-Dir - straight line, f/p - orc warrior
Aim: an orc warrior, wielding a +0 trident and wearing a +0 plate armour (moderately wounded, 71% to hit)
You miscast Shock.
You are very lightly contaminated with residual magic.
Nothing appears to happen.
The orc warrior hits you from afar with a +0 trident!
Unknown command.
Casting: Shock (safe; 4% risk of failure)
Confirm with . or Enter, or press ? or * to list all spells.
Aiming: Shock (safe; 4% risk of failure)
Press: ? - help, Shift-Dir - straight line, f/p - orc warrior
Aim: an orc warrior, wielding a +0 trident and wearing a +0 plate armour (moderately wounded, 71% to hit)
The zap hits the orc warrior.
The orc warrior is moderately wounded.
The orc warrior hits you from afar with a +0 trident!
* * * LOW HITPOINT WARNING * * *
You feel better. The orc warrior closely misses you.
You feel very mighty all of a sudden. The orc warrior barely misses you.
The orc warrior hits you with a +0 trident.
There is an open door here.
Things that are here:
a hobgoblin corpse; an iguana corpse You hit the orc warrior.
The orc warrior is heavily wounded.
The orc warrior hits you with a +0 trident!
You closely miss the orc warrior.
The orc warrior is heavily wounded.
The orc warrior hits you with a +0 trident!
* * * LOW HITPOINT WARNING * * *
You feel better.
The orc warrior hits you with a +0 trident!
You die...

................#..#.#.#.########
.........##++##.).#.##.#.##
........##8z.8#######..#..##
.#+#+#+.#8....8# #....##.#.#
#.#.#.#.#)....)# ######...##
.#.#.#..#}....!# #..#.#
#.#.#...#8....8# ∆ ∆##..##
.#.#.#..##8.z8##### #.#.#
#.#.#.#..##++##.@o# #).##
.#.#.#.........†##)# #.#.#
#.#.#.#.#...#..(# # #..##
.#.#.#.#.#.#.#..## ##.#.#
#.#.#.#.#.#.#+#..######...##
.#.#.#.#.#<#.........)...#.#
#.#.#.#.#.#+........#.#.#.##
.#.#.#.#.#.#...#+#.#.#.#.#.#
#.#.#.#.#.#.....#.#.#.#.#.##


You could see an orc warrior.

Vanquished Creatures
  A steam dragon (D:4)
  A hound (D:4)
  An iguana (D:4)
  4 adders
  3 worms
  A dart slug (D:1)
  5 orcs
  9 endoplasms
  2 giant cockroaches (D:2)
  5 goblins
  11 hobgoblins
  5 jackals (D:4)
  6 ball pythons
  5 bats
  4 frilled lizards
  5 kobolds
  3 rats
71 creatures vanquished.

Notes
Turn   | Place    | Note
-------+----------+-------------------------------------------
     0 | D:1      | garrulousMonolith the Gnoll Reaver began the quest for the
                  | Orb.
     0 | D:1      | Reached XP level 1. HP: 20/20 MP: 6/6
   215 | D:1      | Reached XP level 2. HP: 26/26 MP: 7/7
   826 | D:2      | Found Gum Kuda's Jewellery Shop.
   871 | D:2      | Learned a level 2 spell: Blink
   916 | D:2      | Reached skill level 5 in Spellcasting
   916 | D:2      | Reached XP level 3. HP: 31/31 MP: 7/9
  1150 | D:2      | Found a faded altar of an unknown god.
  1348 | D:2      | Reached skill level 1 in Invocations
  1745 | D:3      | Reached skill level 1 in Short Blades
  1745 | D:3      | Reached skill level 1 in Long Blades
  1745 | D:3      | Reached skill level 1 in Axes
  1745 | D:3      | Reached skill level 1 in Maces & Flails
  1745 | D:3      | Reached skill level 1 in Staves
  1745 | D:3      | Reached skill level 1 in Ranged Weapons
  1745 | D:3      | Reached skill level 1 in Throwing
  1745 | D:3      | Reached skill level 1 in Armour
  1745 | D:3      | Reached skill level 1 in Stealth
  1745 | D:3      | Reached skill level 1 in Shields
  1745 | D:3      | Reached skill level 1 in Unarmed Combat
  1745 | D:3      | Reached skill level 1 in Evocations
  1886 | D:3      | Reached XP level 4. HP: 33/38 MP: 11/11
  2160 | D:3      | Learned a level 1 spell: Freeze
  2191 | D:3      | Reached skill level 1 in Hexes
  2191 | D:3      | Reached skill level 1 in Summonings
  2191 | D:3      | Reached skill level 1 in Necromancy
  2191 | D:3      | Reached skill level 1 in Translocations
  2191 | D:3      | Reached skill level 1 in Transmutations
  2191 | D:3      | Reached skill level 1 in Fire Magic
  2191 | D:3      | Reached skill level 1 in Ice Magic
  2191 | D:3      | Reached skill level 1 in Air Magic
  2191 | D:3      | Reached skill level 1 in Earth Magic
  2191 | D:3      | Reached skill level 1 in Poison Magic
  2191 | D:3      | Reached skill level 1 in Shapeshifting
  2344 | D:3      | Found a burning altar of Makhleb.
  2453 | D:4      | Reached XP level 5. HP: 27/43 MP: 9/12
  2563 | D:4      | Found a shimmering blue altar of Sif Muna.
  2577 | D:4      | Became a worshipper of Sif Muna the Loreminder
  2686 | D:4      | Found a glowing silver altar of Zin.
  2716 | D:4      | Found a large runed translucent door.
  2716 | D:4      | Found a large runed translucent door.
  2720 | D:4      | Found a large runed translucent door.
  2720 | D:4      | Found a large runed translucent door.
  2943 | D:4      | Noticed a steam dragon
  2957 | D:4      | Killed a steam dragon
  2958 | D:4      | Reached XP level 6. HP: 14/50 MP: 10/14
  3096 | D:4      | Got the Excursus on the Discharge
  3115 | D:4      | Learned a level 1 spell: Shock
  3346 | D:4      | Reached skill level 5 in Fighting
  3346 | D:4      | Reached skill level 5 in Dodging
  3356 | D:4      | Noticed an orc warrior
  3373 | D:4      | Slain by an orc warrior

Illustrated notes

Levels and vault maps discovered:
D:1:      ncdulo_halloftheorcs, layout_basic, minivault_5
D:2:      layout_basic, shapermc_ecumenical_altar_petra, serial_shops, shop,
          minmay_tall_x
D:3:      layout_rooms, lightli_temple_of_fire, minmay_close_crescents
D:4:      layout_basic, mainiacjoe_overflow_cross_hatched, zin_treasury,
          minmay_hollow_rounded_squares

Skill      XL: |  1  2  3  4  5  6 |
---------------+-------------------+-----
Spellcasting   | 5 |  5.4
Invocations    | 1 2 |  2.2
Short Blades   | 1 2 |  2.0
Long Blades    | 1 2 |  2.0
Axes           | 1 2 |  2.0
Maces & Flails | 1 2 |  2.0
Staves         | 1 2 |  2.0
Ranged Weapons | 1 2 |  2.0
Throwing       | 1 2 |  2.0
Armour         | 1 2 |  2.0
Stealth        | 1 2 |  2.0
Shields        | 1 2 |  2.0
Unarmed Combat | 1 2 |  2.0
Evocations     | 1 2 |  2.0
Hexes          | 1 |  1.5
Summonings     | 1 |  1.5
Necromancy     | 1 |  1.5
Translocations | 1 |  1.5
Transmutations | 1 |  1.5
Fire Magic     | 1 |  1.5
Ice Magic      | 1 |  1.5
Air Magic      | 1 |  1.5
Earth Magic    | 1 |  1.5
Poison Magic   | 1 |  1.5
Shapeshifting  | 1 |  1.5
Fighting       | 5 |  5.0
Dodging        | 5 |  5.0
Polearms       | |  6.8
Conjurations   | |  5.6

Action                     |  1- 3 |  4- 6 || total
---------------------------+-------+-------++-------
  Melee: Spear             |   157 |   138 ||   295
         Punch             |     4 |       ||     4
         Bite              |     3 |    17 ||    20
         Whip              |       |     5 ||     5
   Cast: Freeze            |       |     8 ||     8
         Shock             |       |     8 ||     8
    Use: Scroll            |       |     3 ||     3
         Potion            |       |     6 ||     6
   Stab: Sleeping          |     3 |       ||     3
 Armour: Leather armour    |    25 |    24 ||    49
  Dodge: Dodged            |    47 |    73 ||   120

Table legend: (Time is in decaauts)
 A = Elapsed time spent in this place.
 B = Non-inter-level travel time spent in this place.
 C = Inter-level travel time spent in this place.
 D = Time resting spent in this place.
 E = Time spent auto-exploring this place.
 F = Levels seen in this place.
 G = Mean time per level.
                   A        B        C        D        E       F      G
               +--------+--------+--------+--------+--------+-----+--------+
         Total |   3302 |   3218 |     84 |    329 |   2350 |   4 |  825.5 |
       Dungeon |   3302 |   3218 |     84 |    329 |   2350 |   4 |  825.5 |
               +--------+--------+--------+--------+--------+-----+--------+

Top non-repeatable levels by time:
     D:4: 934 daAuts
     D:2: 837 daAuts
     D:1: 782 daAuts
     D:3: 748 daAuts
